 Dungeon Crawl Stone Soup version 0.27-a0-148-g9515ab555c (webtiles) character file.

Game seed: 16062148893261835561

6701 timneilson the Protected (level 11, -1/67 HPs)
             Began as a Gargoyle Fighter on Jan 27, 2021.
             Was an Elder of Okawaru.
             Killed by divine providence
             ... invoked by an orc priest
              (12 damage)
             ... on level 10 of the Dungeon.
             The game lasted 00:16:51 (10458 turns).

timneilson the Protected (Gargoyle Fighter)        Turns: 10458, Time: 00:16:52

Health: -1/67      AC: 27    Str: 23    XL:     11   Next: 3%
Magic:  14/14      EV: 10    Int:  9    God:    Okawaru [****..]
Gold:   697        SH: 15    Dex:  9    Spells: 10/10 levels left

rFire    . . .     SeeInvis .   a - +1 long sword
rCold    . . .     Faith    .   c - +1 kite shield
rNeg     + . .     Spirit   .   f - +0 chain mail
rPois    ∞         Reflect  .   (no helmet)
rElec    +         Harm     .   w - +0 cloak
rCorr    +         Rampage  .   (no gloves)
Will     .....                  (no boots)
Stlth    ..........             (no amulet)
HPRegen  0.21/turn              o - ring of resist corrosion
MPRegen  0.14/turn              b - +4 ring of protection

@: heroism, slowed, very slow
A: negative energy resistance 1, electricity resistance, unbreathing,
petrification resistance, miasma immunity, AC +8
a: Renounce Religion, Heroism


You were on level 10 of the Dungeon.
You worshipped Okawaru.
Okawaru was greatly pleased with you.
You visited 2 branches of the dungeon, and saw 11 of its levels.
You also visited: Sewer.

You collected 697 gold pieces.

Inventory:

Hand Weapons
 a - a +1 long sword (weapon)
Armour
 c - a +1 kite shield (worn)
 f - a +0 chain mail (worn)
 j - a +0 tower shield
 w - a +0 cloak (worn)
 D - a cursed +0 plate armour
Jewellery
 b - a +4 ring of protection (right hand)
 h - an uncursed ring of willpower
 i - an uncursed ring of willpower
 k - an uncursed ring of ice
 o - a ring of resist corrosion (left hand)
 x - an uncursed ring of see invisible
 G - an uncursed ring of protection from cold {unknown}
Wands
 E - a wand of digging (4)
Scrolls
 g - 2 scrolls of fear
 l - 6 scrolls of teleportation
 m - 4 scrolls of remove curse
 s - 6 scrolls of enchant weapon
 t - a scroll of vulnerability {unknown}
 v - a scroll of immolation
 y - a scroll of identify
 C - a scroll of magic mapping
Potions
 d - 2 potions of curing
 e - 2 potions of attraction
 n - a potion of cancellation
 p - 2 potions of brilliance
 q - a potion of mutation
 r - a potion of flight
 u - a potion of lignification
 z - 2 potions of magic
 B - a potion of resistance
 F - a potion of invisibility {unknown}


   Skills:
 + Level 7.3(12.3) Fighting
 * Level 8.0(13.0) Long Blades
 * Level 9.9(14.9) Armour
 * Level 9.9(14.9) Shields
 + Level 4.7 Invocations


You had 10 spell levels left.
You didn't know any spells.
Your spell library contained the following spells:

 Spells                   Type           Power        Failure   Level
 Animate Skeleton         Necr           0%           88%         1
 Apportation              Tloc           0%           88%         1
 Corona                   Hex            0%           88%         1
 Summon Small Mammal      Summ           0%           88%         1


Dungeon Overview and Level Annotations

Branches:
Dungeon (10/15)            Temple (1/1) D:4            Lair (0/6) D:8
    Orc (0/2) D:9           Sewer (visited)

Altars:
Ashenzari
Cheibriados
Dithmenos
Elyvilon
Fedhas
Gozag
Hepliaklqana
Kikubaaqudgha
Makhleb
Nemelex Xobeh
Okawaru
Qazlal
Ru
Sif Muna
Trog
Uskayaw
Vehumet
Wu Jian
Xom
Yredelemnul
Zin
The Shining One

Shops:
D:6 *   D:7 }


Innate Abilities, Weirdness & Mutations

You are resistant to torment.
Your stone body is resilient. (AC +8)
You are immune to poison.
You resist negative energy. (rN+)
You are resistant to electric shocks. (rElec)
You can survive without breathing.
You are immune to petrification.
You are immune to miasma.


Message History

You destroy the wraith!
Okawaru accepts your kill.
Your base Long Blades skill increases to level 8!
You block the wraith's attack. The orc hits you but does no damage.
Items here: ))) [[.
You hit the wraith.
The wraith is lightly damaged.
You block the wraith's attack. The orc hits you but does no damage.
The orc priest mumbles some strange prayers to Beogh against you.
Beogh smites you!
* * * LOW HITPOINT WARNING * * *
You hit the wraith.
The wraith is moderately damaged.
The wraith hits you.
* * * LOW HITPOINT WARNING * * *
The wraith drains your vigour!
You feel yourself slow down. You block the orc's attack.
The orc priest invokes the aid of Beogh against you.
Beogh smites you!
You die...

....#
####.†.#.#
#..... .....
#........#
##.... ...(.
#........#
#####..#.
.!...
#........#
#......#. ....
#........#
##.##....
#......).#
#.##....
#.......o#
#.......
#......oW#..#
####....
########@#..#
#....
########)#..#
#....
#.....##.#..#
#....
#.....##.#..#
####...)
#..>.....#..#
#.).....
#........#..#
###.......
####........##
#.........
#.....##..#
#.........
#.....###.#
#......#..


You could see a wraith, an orc priest and an orc.

Vanquished Creatures
  Josephine (D:10)
  A two-headed ogre (D:10)
  A komodo dragon (D:8)
  3 wraiths (D:10)
  A wyvern (D:8)
  A basilisk (D:8)
  Grum (D:9)
  An acid dragon (D:8)
  3 water moccasins
  An orc warrior (D:8)
  4 sky beasts
  5 ogres
  2 ice beasts
  2 phantoms
  3 wolves (D:9)
  A necrophage (D:10)
  3 centaurs
  A big kobold (D:10)
  6 bullfrogs
  A wyvern zombie (D:7)
  A wyvern skeleton (D:10)
  4 scorpions
  5 howler monkeys
  A bullfrog zombie (D:5)
  3 hounds
  A quasit (D:8)
  3 jellies
  6 orc wizards
  An orc priest (D:8)
  A gnoll shaman (D:7)
  Crazy Yiuf (D:6)
  Jessica (D:8)
  A bullfrog skeleton (D:9)
  2 worker ants (D:7)
  A hound zombie (D:7)
  A howler monkey zombie (D:8)
  6 gnolls
  15 adders
  4 river rats (D:4)
  A white imp (D:5)
  An ufetubus (D:6)
  2 oozes (D:2)
  2 adder zombies (D:8)
  4 worms
  3 dart slugs
  2 leopard geckos
  23 orcs
  2 giant cockroaches
  2 gnoll zombies (D:5)
  9 hobgoblins
  28 jackals
  3 quokkas
  6 ball pythons
  6 bats
  5 frilled lizards
  A giant cockroach zombie (D:6)
  5 goblins
  A jackal zombie (D:7)
  15 kobolds
  A quokka zombie (D:8)
  13 rats
235 creatures vanquished.

Notes
Turn   | Place    | Note
-------+----------+-------------------------------------------
     0 | D:1      | timneilson the Gargoyle Fighter began the quest for the
                  | Orb.
     0 | D:1      | Reached XP level 1. HP: 14/14 MP: 1/1
   155 | D:1      | Reached XP level 2. HP: 14/19 MP: 2/2
   604 | D:1      | Reached XP level 3. HP: 23/23 MP: 3/3
  1187 | D:2      | Reached XP level 4. HP: 25/29 MP: 4/4
  1978 | D:3      | Reached XP level 5. HP: 32/33 MP: 5/5
  2921 | D:4      | Found a glowing drain.
  3054 | Sewer    | Entered a sewer
  3197 | Sewer    | Noticed a water moccasin
  3221 | Sewer    | Killed a water moccasin
  3222 | Sewer    | Reached XP level 6. HP: 10/38 MP: 6/6
  3514 | D:4      | Reached skill level 5 in Armour
  3539 | D:4      | Found a staircase to the Ecumenical Temple.
  3549 | Temple   | Entered the Ecumenical Temple
  3840 | D:4      | Reached skill level 5 in Shields
  3945 | D:4      | Noticed a phantom
  3989 | D:4      | Killed a phantom
  3990 | D:4      | Reached XP level 7. HP: 26/44 MP: 7/7
  4774 | D:5      | Entered Level 5 of the Dungeon
  4930 | D:5      | Found a blossoming altar of Fedhas.
  5085 | D:5      | Found a sacrificial altar of Ru.
  5199 | D:5      | Found a basalt altar of Yredelemnul.
  5949 | D:5      | Reached XP level 8. HP: 39/48 MP: 8/8
  6056 | D:6      | Found a stormy altar of Qazlal.
  6075 | D:6      | Found an iron altar of Okawaru.
  6093 | D:6      | Became a worshipper of Warmaster Okawaru
  6104 | D:6      | Reached skill level 5 in Fighting
  6171 | D:6      | Found a glowing silver altar of Zin.
  6249 | D:6      | Found a runed translucent door.
  6250 | D:6      | Noticed Crazy Yiuf
  6260 | D:6      | Killed Crazy Yiuf
  6361 | D:6      | Reached skill level 5 in Long Blades
  6376 | D:6      | Found a snail-covered altar of Cheibriados.
  6409 | D:6      | Found an opulent altar of Gozag.
  6544 | D:6      | Found Ufydghek's Assorted Antiques.
  7091 | D:7      | Reached * piety under Okawaru
  7092 | D:7      | Reached skill level 1 in Invocations
  7133 | D:7      | Found a hazy altar of Hepliaklqana.
  7161 | D:7      | Found a shadowy altar of Dithmenos.
  7200 | D:7      | Reached XP level 9. HP: 40/54 MP: 8/10
  7380 | D:7      | Found Selit's Gadget Shop.
  7386 | D:7      | Found an ancient bone altar of Kikubaaqudgha.
  7513 | D:7      | Found a broken altar of Ashenzari.
  8182 | D:8      | Reached ** piety under Okawaru
  8262 | D:8      | Found a shimmering altar of Xom.
  8596 | D:8      | Noticed a komodo dragon
  8605 | D:8      | Killed a komodo dragon
  8846 | D:8      | Found a staircase to the Lair.
  8880 | D:8      | Reached XP level 10. HP: 57/61 MP: 12/12
  8976 | D:8      | Noticed Jessica
  8983 | D:8      | Found a shimmering blue altar of Sif Muna.
  9002 | D:8      | Killed Jessica
  9078 | D:8      | Found a sparkling altar of Nemelex Xobeh.
  9078 | D:8      | Found a glowing golden altar of the Shining One.
  9351 | D:9      | Noticed Grum
  9368 | D:9      | Killed Grum
  9379 | D:9      | Reached *** piety under Okawaru
  9887 | D:9      | Found a staircase to the Orcish Mines.
 10020 | D:10     | Entered Level 10 of the Dungeon
 10088 | D:10     | Found a blossoming altar of Fedhas.
 10244 | D:10     | Noticed a two-headed ogre
 10265 | D:10     | Killed a two-headed ogre
 10341 | D:10     | Noticed Josephine
 10361 | D:10     | Killed Josephine
 10370 | D:10     | Reached **** piety under Okawaru
 10385 | D:10     | Reached XP level 11. HP: 25/67 MP: 12/14
 10458 | D:10     | Killed from afar by an orc priest

Illustrated notes

Levels and vault maps discovered:
D:1:      arrival_zaba_pyramid, layout_rooms
D:2:      layout_loops_corners
D:3:      layout_basic
D:4:      layout_cave_pods, minmay_temple_entry_ruins, lightli_sewer_entry_pipes
D:5:      layout_layer_cave, nicolae_overflow_crystal_walls,
          lemuel_zombie_altar_yredelemnul, nicolae_ru_sacrificial_ziggurat
D:6:      layout_loops_ring, kennysheep_little_box,
          nicolae_qazlal_eye_of_the_storm, lemuel_doored_altar, zin_academy,
          serial_shops, kennysheep_mini, grunt_gozag_statues,
          uniq_crazy_yiuf_cottage
D:7:      layout_basic, grunt_dithmenos_smoke, general_overflow_altar,
          kiku_gazebo_garden_becter, serial_shops, shop_statue,
          pf_just_have_faith
D:8:      layout_basic, tgw_sif, grunt_temple_overflow_open, marbit_many_paths,
          erik_lair_dragon
D:9:      layout_gridville, orc_0_dummy, uniq_grum
D:10:     minmay_statue_hallways, layout_basic, fedhas_altar_1, uniq_josephine
Temple:   compressed_dpeg_triangle_lava_temple

Skill      XL: |  1  2  3  4  5  6  7  8  9 10 11 |
---------------+----------------------------------+-----
Long Blades    | 2 3 4 5 6 7 8 |  8.0
Armour         | 4 5 6 7 8 9 |  9.9
Shields        | 4 5 6 7 8 9 |  9.9
Fighting       | 4 5 6 7 |  7.3
Invocations    | 1 3 4 |  4.7

Action                   |  1- 3 |  4- 6 |  7- 9 | 10-12 || total
-------------------------+-------+-------+-------+-------++-------
Melee: Long sword        |   143 |   302 |   536 |   247 ||  1228
Invok: Heroism           |       |       |     3 |     9 ||    12
  Use: Scroll            |     5 |     8 |     6 |     4 ||    23
       Potion            |       |     2 |     1 |     2 ||     5
Armor: Scale mail        |    24 |       |       |       ||    24
       Chain mail        |   100 |   272 |   257 |   169 ||   798
       Skin              |       |       |    20 |       ||    20
Dodge: Dodged            |    47 |    73 |   214 |   103 ||   437
Block: Kite shield       |    95 |   206 |   356 |   208 ||   865
       Rpst.: Long sword |    19 |    25 |    70 |    32 ||   146

Table legend: (Time is in decaauts)
 A = Elapsed time spent in this place.
 B = Non-inter-level travel time spent in this place.
 C = Inter-level travel time spent in this place.
 D = Time resting spent in this place.
 E = Time spent auto-exploring this place.
 F = Levels seen in this place.
 G = Mean time per level.
                   A        B        C        D        E       F      G
               +--------+--------+--------+--------+--------+-----+--------+
         Total |  10875 |  10624 |    251 |    110 |   7838 |  12 |  906.2 |
       Dungeon |  10157 |   9908 |    249 |    110 |   7223 |  10 | 1015.7 |
        Temple |    271 |    269 |      2 |      0 |    268 |   1 |  271.0 |
         Sewer |    445 |    445 |      0 |      0 |    347 |   1 |  445.0 |
               +--------+--------+--------+--------+--------+-----+--------+

Top non-repeatable levels by time:
     D:8: 1489 daAuts
     D:4: 1442 daAuts
     D:5: 1275 daAuts
     D:7: 1119 daAuts
     D:3: 1101 daAuts
     D:2: 974 daAuts
     D:1: 803 daAuts
     D:9: 763 daAuts
     D:6: 732 daAuts
    D:10: 454 daAuts
   Sewer: 445 daAuts
  Temple: 271 daAuts
